 Dungeon Crawl Stone Soup version 0.31.0-32-g396128a36d (webtiles) character file.

Game seed: 10326574853326859859

2 KennySheep the Sneak (level 1, 0/13 HPs)
             Began as a Deep Elf Delver on Apr 9, 2024.
             Slain by an ufetubus (1 damage)
             ... in the Ecumenical Temple.
             The game lasted 00:01:54 (153 turns).

KennySheep the Sneak (Deep Elf Delver)               Turns: 153, Time: 00:01:54

Health: 0/13       AC:  3    Str:  9    XL:     1   Next: 25%
Magic:  3/3        EV: 12    Int: 14    God:
Gold:   0          SH:  0    Dex: 16    Spells: 0/0 levels left

rFire   . . .        a - +0 short sword
rCold   . . .        (no shield)
rNeg    . . .        b - +0 leather armour
rPois   .            (no helmet)
rElec   .            (no cloak)
rCorr   .            (no gloves)
SInv    .            (no boots)
Will    .....        (no amulet)
Stlth   +++          (no ring)
HPRegen 0.22/turn    (no ring)
MPRegen 0.08/turn

%: no passive effects
@: hasted, very quick
A: no striking features
a: no special abilities


You were in the Ecumenical Temple.
You visited 2 branches of the dungeon, and saw 3 of its levels.

Inventory:

Hand Weapons
 a - a +0 short sword (weapon)
Armour
 b - a +0 leather armour (worn)
Wands
 g - a wand of digging (3)
Scrolls
 c - a scroll of fog
 e - a scroll of fear


   Skills:
 - Level 2.4 Fighting
 - Level 2.0 Short Blades
 * Level 0.3 Ranged Weapons
 + Level 2.4 Dodging
 + Level 6.0 Stealth
 + Level 0.1 Spellcasting
 + Level 0.1 Necromancy


You couldn't memorise any spells.
You didn't know any spells.
Your spell library was empty.

Dungeon Overview and Level Annotations

Branches:
Dungeon (5/15)             Temple (1/1) D:4

Altars:
Fedhas
Gozag
Kikubaaqudgha
Okawaru
Sif Muna
Trog
Uskayaw
Vehumet
Wu Jian
Xom
Yredelemnul


Message History

The scorpion zombie attacks as it pursues you!
The scorpion zombie hits you.
The scorpion zombie attacks as it pursues you!
The scorpion zombie hits you.
* * * LOW HITPOINT WARNING * * *
You feel yourself speed up. The scorpion zombie barely misses you.
An ufetubus comes into view.
An ufetubus comes into view.
The ufetubus shouts!
A howler monkey comes into view.
The howler monkey hoots and howls with incredible vigour!
You hear a shout!
You hear an angry hiss.
You hear a shout!
Found 13 gold pieces.
Found a staircase to the Ecumenical Temple.
The ufetubus attacks as it pursues you! The ufetubus closely misses you.
The ufetubus barely misses you.
A goblin comes into view. It is wielding a +0 club.
The goblin moves out of view.
The ufetubus attacks as it pursues you!
The ufetubus hits you but does no damage.
The ufetubus closely misses you.
There is a staircase to the Ecumenical Temple here.
The ufetubus hits you but does no damage.
The ufetubus misses you.
You climb downwards.
Welcome to the Ecumenical Temple!
Found an iron altar of Okawaru and an ancient bone altar of Kikubaaqudgha.
Found a staircase back to the Dungeon.
There is a staircase back to the Dungeon here.
You aren't carrying any potions.
Unknown command.
You hit the ufetubus but do no damage. The ufetubus hits you.
The ufetubus barely misses you.
You hit the ufetubus.
The ufetubus is moderately wounded.
The ufetubus misses you. The ufetubus hits you.
* * * LOW HITPOINT WARNING * * *
You hit the ufetubus.
The ufetubus is heavily wounded.
The ufetubus completely misses you. The ufetubus hits you.
You die...

##≈≈≈≈≈≈≈≈≈≈≈≈≈≈≈≈≈≈≈≈≈≈≈≈≈≈≈≈≈##
##≈≈≈≈≈≈≈≈≈≈≈≈≈≈≈≈≈≈≈≈≈≈≈≈≈≈≈≈≈##
##≈≈≈≈≈≈≈≈≈≈≈≈≈≈≈≈≈≈≈≈≈≈≈≈≈≈≈≈≈##
##≈≈≈≈≈≈≈≈≈≈≈≈≈≈≈≈≈≈≈≈≈≈≈≈≈≈≈≈≈##
##≈≈≈≈≈≈≈≈≈≈≈≈≈≈≈≈≈≈≈≈≈≈≈≈≈≈≈≈≈##
##≈≈≈≈≈≈≈≈≈≈≈≈≈≈~~≈≈≈≈≈≈≈≈≈≈≈≈≈##
##≈≈≈≈≈≈≈≈≈≈≈≈#~.##≈≈≈≈≈≈≈≈≈≈≈≈##
##≈≈≈≈≈≈≈≈≈≈≈~#8.8#≈≈≈≈≈≈≈≈≈≈≈≈##
##≈≈≈≈≈≈≈≈≈≈≈~#.@5#~≈≈≈≈≈≈≈≈≈≈≈##
##≈≈≈≈≈≈≈≈≈≈~~~...#~~~≈≈≈≈≈≈≈≈≈##
##≈≈≈≈≈≈≈≈≈~#~.~~~##.~≈≈≈≈≈≈≈≈≈##
##≈≈≈≈≈≈≈≈≈~#8.~.~..~~≈≈≈≈≈≈≈≈≈##
##≈≈≈≈≈≈≈≈≈~#~..~...#≈≈≈≈≈≈≈≈≈≈##
##≈≈≈≈≈≈≈≈≈~._~~~~~_#≈≈≈≈≈≈≈≈≈≈##
##≈≈≈≈≈≈≈≈≈≈..~~~~~~.≈≈≈≈≈≈≈≈≈≈##
##≈≈≈≈≈≈≈≈≈≈#.~.~~.8.~≈≈≈≈≈≈≈≈≈##
##≈≈≈≈≈≈≈≈≈~~~.~~.~~#~≈≈≈≈≈≈≈≈≈##


You could see an ufetubus.

Vanquished Creatures
  A quokka (D:5)
  A ball python (D:4)
2 creatures vanquished.

Notes
Turn   | Place    | Note
-------+----------+-------------------------------------------
     0 | D:5      | KennySheep the Deep Elf Delver began the quest for the Orb.
     0 | D:5      | Reached XP level 1. HP: 13/13 MP: 3/3
    90 | D:4      | Found a radiant altar of Vehumet.
    97 | D:4      | Noticed an ogre
   121 | D:4      | Noticed an orc wizard
   122 | D:4      | Found a basalt altar of Yredelemnul.
   138 | D:4      | Noticed a howler monkey
   141 | D:4      | Found a staircase to the Ecumenical Temple.
   150 | Temple   | Entered the Ecumenical Temple
   153 | Temple   | Slain by an ufetubus

Illustrated notes

Levels and vault maps discovered:
D:4:      layout_loops_corners, vehumet_altar_wand_db,
          makhleb_blood_cavern_becter, nicolae_yredelemnul_corpse_copse,
          minmay_temple_entry_ruins
D:5:      layout_loops_ring, gammafunk_temple_overflow_claw,
          kennysheep_generic_room_8
Temple:   chequers_temple_sunken

Action                     || total
---------------------------++-------
  Melee: Short sword       ||    13
    Use: Scroll            ||     1
         Potion            ||     1
   Stab: Sleeping          ||     1
 Armour: Leather armour    ||    15
  Dodge: Dodged            ||    15
